AoeStats
← LeeFvn

Arena

509564397Analyzed
4v4 RM · 5d ago on Sep 27, 2026· 37m 8s· 8 players
Game mode
Random Map
Map size
Large (8 player)
Population
200
Speed
Normal
Resources
Standard
Victory
Conquest
Starting age
Dark Age
Ending age
Imperial Age
RankedLock teamsTeams togetherTeam positionsShared explorationLock speedFull tech treeHidden civsTurbo modeCheats
Victory
Defeat
🇨🇳 Slavs · China
1198
+9
🇨🇳 Britons · China
1093
+12
🇨🇳 Turks · China
1008
+16
🇭🇰 Italians · Hong Kong SAR China
973
+17
🇨🇳 Persians · China
1041
-15
🇨🇳 Bohemians · China
1018
-14
🇨🇿 Franks · Czechia
1006
-13
🇨🇳 Varangians · China
988
-12
Mydloos
11:06 Feudal Age
11:35 Double-Bit Axe
17:09 Castle Age
20:37 Bow Saw
29:15 Wheelbarrow
28:58 Gold Mining
32:50 Imperial Age
31:25 Hand Cart
31:23 Forging
31:18 Scale Barding Armor
31:27 Husbandry
32:42 Iron Casting
32:53 Cavalier
33:59 Chain Barding Armor
34:23 Paladin
37:50 Plate Barding Armor
雅硬雅重
9:39 Feudal Age
11:02 Feudal Age
12:06 Double-Bit Axe
14:30 Castle Age
12:18 Loom
12:15 Horse Collar
15:09 Bow Saw
16:14 Heavy Plow
19:10 Forging
20:42 Wheelbarrow
20:51 Bloodlines
20:41 Husbandry
24:15 Scale Barding Armor
24:18 Gold Mining
25:24 Husbandry
26:44 Gold Shaft Mining
28:55 Padded Archer Armor
28:45 Fletching
32:21 Imperial Age
29:46 Elite Skirmisher
30:01 Pikeman
30:42 Squires
31:14 Thumb Ring
31:10 Crossbowman
31:51 Kamandaran
32:26 Ballistics
32:03 Fletching
32:49 Hand Cart
33:03 Conscription
33:51 Chemistry
33:15 Town Watch
33:11 Cavalier
LeeFvn
5:56 Loom
11:15 Feudal Age
14:24 Double-Bit Axe
14:50 Horse Collar
15:03 Stone Mining
20:58 Castle Age
19:20 Gold Mining
24:12 Heavy Plow
24:36 Bow Saw
27:07 Wheelbarrow
27:42 Stone Shaft Mining
27:45 Scale Mail Armor
28:11 Hand Cart
33:05 Imperial Age
31:34 Squires
31:21 Gambesons
31:55 Chain Mail Armor
32:47 Forging
33:09 Husbandry
33:20 Bloodlines
33:19 Scale Barding Armor
34:34 Iron Casting
34:17 Arson
34:00 Elite Varangian Guard
35:10 Conscription
35:11 Gothikon
37:13 Crop Rotation
38:41 Blast Furnace
38:11 Plate Mail Armor
雅粗雅力
11:40 Feudal Age
16:17 Castle Age
15:04 Double-Bit Axe
15:02 Horse Collar
17:49 Bow Saw
18:03 Heavy Plow
18:47 Wheelbarrow
17:58 Loom
23:01 Hand Cart
24:57 Ballistics
29:33 Imperial Age
29:00 Chemistry
30:53 Houfnice
31:48 Murder Holes
32:27 Wagenburg Tactics
32:45 Conscription
31:45 Elite Hussite Wagon
33:58 Arrowslits
34:24 Fortified Wall
35:38 Siege Engineers
37:14 Masonry
老徐
10:19 Feudal Age
11:01 Double-Bit Axe
15:00 Castle Age
13:35 Horse Collar
16:00 Bow Saw
16:12 Loom
20:37 Heavy Plow
23:13 Wheelbarrow
23:54 Gold Mining
23:54 Stone Mining
23:54 Gold Mining
23:56 Stone Mining
26:15 Gold Shaft Mining
26:56 Hand Cart
29:38 Imperial Age
27:53 Detinets
28:01 Scale Barding Armor
28:06 Forging
28:20 Masonry
28:46 Ballistics
28:39 Town Watch
29:06 Murder Holes
29:35 Bloodlines
29:25 Husbandry
30:24 Iron Casting
30:09 Chain Barding Armor
30:21 Fletching
31:24 Conscription
30:37 Pikeman
31:17 Squires
31:16 Capped Ram
33:07 Crop Rotation
33:51 Two-Man Saw
32:17 Elite Boyar
34:21 Blast Furnace
35:37 Plate Barding Armor
34:50 Halberdier
36:30 Siege Ram
无语
10:22 Feudal Age
14:51 Castle Age
12:41 Double-Bit Axe
12:37 Horse Collar
16:10 Bow Saw
16:02 Heavy Plow
21:59 Wheelbarrow
22:36 Gold Mining
24:55 Gold Shaft Mining
28:23 Imperial Age
26:23 Stone Mining
26:28 Loom
27:05 Hand Cart
26:36 Town Watch
26:46 Fletching
26:57 Padded Archer Armor
27:08 Forging
26:59 Scale Mail Armor
27:59 Coinage
28:51 Treadmill Crane
30:13 Chemistry
29:14 Bodkin Arrow
29:34 Leather Archer Armor
28:46 Pikeman
29:27 Squires
29:12 Gambesons
29:12 Arson
30:31 Banking
31:15 Two-Man Saw
29:53 Halberdier
31:16 Chain Mail Armor
31:36 Iron Casting
31:16 Chain Mail Armor
31:24 Bracer
31:54 Ring Archer Armor
32:32 Conscription
33:03 Plate Mail Armor
32:35 Bracer
33:05 Ring Archer Armor
32:30 Elite Longbowman
34:37 Blast Furnace
34:11 Ring Archer Armor
碰我村民就投
9:50 Feudal Age
14:03 Castle Age
12:38 Double-Bit Axe
12:34 Horse Collar
14:28 Loom
16:26 Bow Saw
16:22 Heavy Plow
27:22 Wheelbarrow
30:40 Imperial Age
28:21 Fletching
28:31 Padded Archer Armor
28:52 Padded Archer Armor
30:19 Bodkin Arrow
30:39 Leather Archer Armor
31:57 Crop Rotation
32:29 Two-Man Saw
32:59 Chemistry
32:03 Bracer
32:33 Ring Archer Armor
33:19 Ring Archer Armor
33:30 Ballistics
33:49 Pirotechnia
34:34 Hand Cart
35:38 Forging
35:33 Scale Barding Armor
36:34 Thumb Ring
Eleangt
11:45 Feudal Age
15:44 Castle Age
13:39 Double-Bit Axe
16:00 Horse Collar
16:48 Bow Saw
16:42 Heavy Plow
22:33 Wheelbarrow
23:16 Loom
23:17 Town Watch
29:19 Imperial Age
27:30 Fortified Wall
27:41 Ballistics
27:33 Masonry
27:22 Gold Mining
27:22 Stone Mining
27:54 Hand Cart
29:04 Gold Shaft Mining
29:45 Husbandry
29:56 Bloodlines
29:37 Fletching
29:47 Padded Archer Armor
29:53 Scale Barding Armor
29:58 Forging
29:34 Heavy Cavalry Archer
30:15 Bodkin Arrow
30:58 Conscription
30:59 Sipahi
30:53 Guilds
30:55 Bodkin Arrow
32:27 Two-Man Saw
31:55 Bracer
32:11 Leather Archer Armor
32:37 Bombard Tower
31:59 Treadmill Crane
33:00 Chain Barding Armor
32:48 Thumb Ring
33:33 Iron Casting
34:21 Artillery
34:54 Parthian Tactics
35:01 Ring Archer Armor
35:08 Plate Barding Armor
35:33 Blast Furnace
35:59 Hoardings
35:57 Architecture
35:23 Murder Holes
35:35 Heavy Camel Rider
37:29 Scale Mail Armor
Connection lost

Rejoining the realm…

Still unreachable

The connection could not be restored.

Session expired

The server has moved on; the page needs a fresh start.